 Dungeon Crawl Stone Soup version 0.32-a0-975-g85d4e5bfdb (webtiles) character file.

Game seed: 10289104368590460823

83 kae the Changeling (level 4, -8/48 HPs)
             Began as a Demonspawn Shapeshifter on Apr 18, 2024.
             Killed from afar by a steam dragon (10 damage)
             ... with a ball of steam
             ... on level 3 of the Dungeon.
             The game lasted 00:01:36 (2144 turns).

kae the Changeling (Demonspawn Shapeshifter)        Turns: 2144, Time: 00:01:37

Health: -8/48      AC: 22    Str: 14    XL:     4   Next: 22%
Magic:  4/4        EV:  2    Int: 10    God:
Gold:   134        SH:  0    Dex: 15    Spells: 3/3 levels left

rFire   . .          .
                       - Unarmed
rCold   . . .        (no shield)
rNeg    . . .        a - melded +1 animal skin
rPois   +            (helmet currently unavailable)
rElec   .            (cloak currently unavailable)
rCorr   .            (gloves currently unavailable)
SInv    .            (boots currently unavailable)
Will    .....        A - amulet of the acrobat
Stlth   +            (no ring)
HPRegen 0.28/turn    (no ring)
MPRegen 0.09/turn

%: acrobat
@: tree-form
A: stationary, stasis, torment immunity, boosted hp, (claws 1), foul stench 1,
(sanguine armour 1)
a: no special abilities


You were on level 3 of the Dungeon.
You were a tree.
You visited 1 branch of the dungeon, and saw 3 of its levels.

You collected 134 gold pieces.


Innate Abilities, Weirdness & Mutations

You are a tree.
Your roots penetrate the ground, keeping you stationary.
You cannot be teleported.
You are immune to unholy pain and torment.
Your maximum health is greatly increased.
Your equipment is partially melded.
((You have sharp fingernails.))
You may rarely emit foul miasma when damaged in melee.
((When seriously injured, your blood forms armour. (AC +0)))


   Skills:
 - Level 1.0 Fighting
 - Level 1.7 Dodging
 + Level 3.4 Unarmed Combat
 * Level 3.9 Shapeshifting


You had 3 spell levels left.
You didn't know any spells.
Your spell library contained the following spells:

 Spells                   Type           Power      Damage    Failure   Level
 Sting                    Conj/Alch      0%         1d3       36%         1
 Mercury Vapours          Alch/Air       0%         N/A       50%         2
 Olgreb's Toxic Radiance  Alch           0%         N/A       98%         4

Inventory:

Missiles
 f - 8 boomerangs (quivered)
 h - 10 stones
Armour
 a - a +1 animal skin (melded)
Jewellery
 A - an amulet of the acrobat (around neck)
   (You found it on level 1 of the Dungeon)
Talismans
 c - a beast talisman (active)
 d - a flux talisman
Scrolls
 e - a scroll of poison {!r}
 g - a scroll of identify {@r1}
 i - a scroll of enchant armour
 k - 2 scrolls of noise {!r}
 n - 2 scrolls of teleportation {@r4}
 o - a scroll of blinking {unknown}
Potions
 j - a potion of resistance
 l - 2 potions of haste {@q3}
 m - 2 potions of curing {unknown}

Dungeon Overview and Level Annotations

Branches:
Dungeon (3/15) Zot: 15860

Altars:
Trog

.... ..... ..... ....
####### #..##.......
#..#...ß.... ######
#....# ##### #.....
###...D## #...####.##.#
#......♣####.####.......
#.......§§.........###.#
#.#......§§######.##...#
# ##.##..§§§§...........
#.....##.§......#....
#...##.#..#####.##....
....# #....#####.......
###. #....##.......... #
#....##..........


You could see a steam dragon (catching breath).


Message History

A rat is nearby!
A dart slug comes into view.
You barely miss the rat. The rat misses you.
There are monsters nearby!
You scratch the rat.
You kill the rat!
The dart slug launches a dart at you. The slug dart misses you.
A dart slug is nearby!
The dart slug launches a dart at you. The slug dart misses you.
A dart slug is nearby!
The dart slug completely misses you.
You scratch the dart slug. You claw the dart slug!
You kill the dart slug!
No target in view!
You now have 113 gold pieces (gained 12).
You now have 125 gold pieces (gained 12).
You now have 134 gold pieces (gained 9).
A bat comes into view.
A bat is nearby!
A bat is nearby!
A goblin comes into view. It is wielding a +0 club.
The goblin shouts!
A dart slug comes into view.
There are monsters nearby!
The bat completely misses you. The goblin completely misses you.
The bat barely misses you.
There are monsters nearby!
You scratch the bat. The bat hits you but does no damage.
The goblin hits you with a +0 club.
You barely miss the bat. You claw the bat.
You kill the bat!
The goblin hits you with a +0 club.
There are monsters nearby!
You claw the dart slug!
You kill the dart slug!
The goblin barely misses you.
You scratch the goblin.
You kill the goblin! 😕 HP[-5]
You take 5 damage, and now have 27/32 hp.
No target in view!
No target in view!
No target in view!
No target in view!
Things that are here:
a +0 club; a goblin corpse
o - a scroll labelled POENEAKAKY No target in view!
No target in view!
Things that are here:
a +0 club; a goblin corpse Key pressed, stopping explore.
No target in view!
No target in view! 😎 HP[+5]
Your hp is fully restored (32).
A steam dragon comes into view.
The steam dragon hisses angrily.
A steam dragon is nearby!
The steam dragon breathes steam at you. The ball of steam misses you.
You scratch the steam dragon but do no damage.
You are engulfed in a cloud of scalding steam.
The steam dragon bites you!
Your blood congeals into armour.
The steam dragon barely misses you. 😮 HP[-15]
You take 15 damage, and now have 17/32 hp.
MASSIVE DAMAGE!! (PAUSE)
Your transformation has ended.
You turn into a tree.
Your +1 animal skin melds into your body.
Your roots penetrate the ground.
You are engulfed in a cloud of scalding steam.
* * * LOW HITPOINT WARNING * * *
Your blood armour dries and flakes away.
The steam dragon breathes steam at you. The ball of steam hits you.
* * * LOW HITPOINT WARNING * * *
😱 HP[-5]
You now have 48 max hp (+16).
You hit the steam dragon but do no damage.
The steam dragon bites you but does no damage.
The steam dragon claws you.
* * * LOW HITPOINT WARNING * * *
😱 HP[-1]
You take 1 damage, and now have 11/48 hp.
You barely miss the steam dragon. The steam dragon bites you!
* * * LOW HITPOINT WARNING * * *
The steam dragon claws you.
* * * LOW HITPOINT WARNING * * *
😱 HP[-9]
You take 9 damage, and now have 2/48 hp.
You smack the steam dragon!
You hit the steam dragon. The steam dragon breathes steam at you.
The ball of steam hits you!
You die...

Skill      XL: |  1  2 |
---------------+-------+-----
Shapeshifting  | 3 |  3.9
Unarmed Combat | 3 |  3.4
Fighting       | |  1.0
Dodging        | |  1.7

Action                     |  1- 3 |  4- 6 || total
---------------------------+-------+-------++-------
  Melee: Unarmed           |   114 |    24 ||   138
         Punch             |     3 |     2 ||     5
    Use: Scroll            |     4 |     3 ||     7
         Potion            |       |     1 ||     1
 Armour: Animal skin       |    61 |     8 ||    69
         Skin              |       |     7 ||     7
  Dodge: Dodged            |    62 |    17 ||    79

Levels and vault maps discovered:
D:1:      mrwooster_arrival_arrow, layout_loops_ring, item_on_display_a
D:2:      layout_basic, serial_co_window_serial, co_window_paths_b,
          co_window_corner_a, co_window_paths_b, co_window_paths_b,
          co_window_paths_b, co_window_of_opportunity_b, co_window_corner_b,
          co_window_cross_2, co_window_cross_3, glass_columns_b,
          glass_columns_a, glass_columns_a, glass_columns_c, basic_altar,
          serial_bayou_pond_b
D:3:      layout_rooms, glass_columns_a, chequers_decorated_corner, uniq_natasha

Notes
Turn   | Place    | Note
-------+----------+-------------------------------------------
     0 | D:1      | kae the Demonspawn Shapeshifter began the quest for the
                  | Orb.
     0 | D:1      | Reached XP level 1. HP: 15/15 MP: 1/1
     0 | D:1      | magus.rc [v1.11.3]
   206 | D:1      | Reached skill level 3 in Shapeshifting
   358 | D:1      | Gained mutation: You have sharp fingernails. [demonic
                  | ancestry]
   358 | D:1      | Reached XP level 2. HP: 14/21 MP: 2/2
   613 | D:1      | You add the spells Sting, Mercury Vapours and Olgreb's
                  | Toxic Radiance to your library.
   704 | D:2      | Reached skill level 3 in Unarmed Combat
   736 | D:2      | Gained mutation: When seriously injured, your blood forms
                  | armour. (AC +0) [demonic ancestry]
   736 | D:2      | Reached XP level 3. HP: 13/26 MP: 3/3
  1650 | D:2      | Identified the +3 buckler of Rationality {-Cast +Inv rElec}
  1825 | D:2      | Gained mutation: You may rarely emit foul miasma when
                  | damaged in melee. [demonic ancestry]
  1825 | D:2      | Reached XP level 4. HP: 32/32 MP: 4/4
  1838 | D:2      | Found a bloodstained altar of Trog.
  2135 | D:3      | Noticed a steam dragon
  2140 | D:3      | HP: 12/48 [steam dragon/ball of steam (5)]
  2142 | D:3      | HP: 5/48 [steam dragon (7)]
  2142 | D:3      | HP: 2/48 [steam dragon (3)]
  2144 | D:3      | Killed from afar by a steam dragon

Vanquished Creatures
  2 adders (D:2)
  4 ribbon worms (D:2)
  6 dart slugs
  3 ball pythons
  2 endoplasms (D:1)
  2 giant cockroaches
  4 goblins
  3 hobgoblins
  4 jackals (D:2)
  3 kobolds
  A quokka (D:2)
  A bat (D:3)
  4 frilled lizards
  5 rats
44 creatures vanquished.

Table legend:
 A = Non-vault XP
 B = Vault XP
 C = Vault XP percentage of total XP
 D = Non-vault monster count
 E = Vault monster count
 F = Vault count percentage of total count
                 A         B        C        D         E       F
            +---------+---------+-------+---------+---------+-------
      Total |     115 |       4 |   3.4 |      42 |       2 |   4.5
            +---------+---------+-------+---------+---------+-------
        D:1 |      18 |       0 |   0.0 |       9 |       0 |   0.0
        D:2 |      78 |       4 |   4.9 |      25 |       2 |   7.4
        D:3 |      19 |       0 |   0.0 |       8 |       0 |   0.0
            +---------+---------+-------+---------+---------+-------

Skill      XL: |  1  2 |
---------------+-------+-----
Shapeshifting  | 3 |  3.9
Unarmed Combat | 3 |  3.4
Fighting       | |  1.0
Dodging        | |  1.7

Action                     |  1- 3 |  4- 6 || total
---------------------------+-------+-------++-------
  Melee: Unarmed           |   114 |    24 ||   138
         Punch             |     3 |     2 ||     5
    Use: Scroll            |     4 |     3 ||     7
         Potion            |       |     1 ||     1
 Armour: Animal skin       |    61 |     8 ||    69
         Skin              |       |     7 ||     7
  Dodge: Dodged            |    62 |    17 ||    79

Illustrated notes

Table legend:
 A = Kills in this place as a percentage of kills in the entire game.
 B = Kills by you in this place as a percentage of kills by you in the entire game.
 C = Kills by friends in this place as a percentage of kills by friends in the entire game.
 D = Other kills in this place as a percentage of other kills in the entire game.
 E = Experience gained in this place as a percentage of experience gained in the entire game.
 F = Experience gained in this place divided by the number of levels of this place that you have seen.
                   A       B       C       D       E      F
               +-------+-------+-------+-------+-------+----------------------
         Total | 100.0 | 100.0 |   N/A |   N/A | 100.0 |  39.7
       Dungeon | 100.0 | 100.0 |   N/A |   N/A | 100.0 |  39.7
               +-------+-------+-------+-------+-------+----------------------

Table legend: (Time is in decaauts)
 A = Elapsed time spent in this place.
 B = Non-inter-level travel time spent in this place.
 C = Inter-level travel time spent in this place.
 D = Time resting spent in this place.
 E = Time spent auto-exploring this place.
 F = Levels seen in this place.
 G = Mean time per level.
                   A        B        C        D        E       F      G
               +--------+--------+--------+--------+--------+-----+--------+
         Total |   2138 |   2084 |     54 |     55 |   1696 |   3 |  712.7 |
       Dungeon |   2138 |   2084 |     54 |     55 |   1696 |   3 |  712.7 |
               +--------+--------+--------+--------+--------+-----+--------+

Top non-repeatable levels by time:
     D:2: 1323 daAuts
     D:1: 688 daAuts
     D:3: 126 daAuts
